| TOP OF THE 1ST |
|
Colorado (EL) Rockies batting - Pitching for Biloxi Shuckers : RHP Travis Southern
|
|
Pitching: RHP Travis Southern
|
|
|
Batting: LHB Tony Ponce
|
0-0: Called Strike 0-1: Foul Ball, location: 2F 0-2: Ball 1-2: Ball 2-2: Ball 3-2: Strikes out looking
|
|
Batting: RHB Matt Fabre
|
0-0: Called Strike 0-1: Ball 1-1: Called Strike 1-2: Strikes out swinging
|
|
Batting: SHB Jon Munoz
|
0-0: Ball 1-0: Ball 2-0: Called Strike 2-1: Foul Ball, location: 2F 2-2: Foul Ball, location: 2F 2-2: Strikes out looking
|
| Top of the 1st over - 0 runs, 0 hits, 0 errors, 0 left on base; Colorado (EL) 0 - Biloxi 0 |
| BOTTOM OF THE 1ST |
|
Biloxi Shuckers batting - Pitching for Colorado (EL) Rockies : RHP Jim Bruley
|
|
Pitching: RHP Jim Bruley
|
|
|
Batting: RHB Akitada Nishizawa
|
0-0: Ball 1-0: Called Strike 1-1: Foul Ball, location: 2F 1-2: Ground out 6-3 (Groundball, 6M, EV 83.8 MPH)
|
|
Batting: LHB Mike Staley
|
0-0: Ball 1-0: Called Strike 1-1: Ball 2-1: Foul Ball, location: 2F 2-2: Ground out 5-3 (Groundball, 56S, EV 88.1 MPH)
|
|
Batting: LHB Tony Morales
|
0-0: Ball 1-0: Called Strike 1-1: Called Strike 1-2: Ground out 3-1 (Groundball, 34, EV 80.0 MPH)
|
| Bottom of the 1st over - 0 runs, 0 hits, 0 errors, 0 left on base; Colorado (EL) 0 - Biloxi 0 |
| TOP OF THE 2ND |
|
Colorado (EL) Rockies batting - Pitching for Biloxi Shuckers : RHP Travis Southern
|
|
Batting: RHB Jayden Patterson
|
0-0: Foul Ball, location: 2F 0-1: Ball 1-1: Foul Ball, location: 2F 1-2: Ground out 6-3 (Groundball, 56, EV 85.6 MPH)
|
|
Batting: LHB Eric Ludwig
|
0-0: Called Strike 0-1: Fly out, F8 (Line Drive, 8LD, EV 97.5 MPH)
|
|
Batting: RHB Max Schellekens
|
0-0: Ball 1-0: Foul Ball, location: 2F 1-1: Fly out, F9 (Flyball, 9, EV 81.2 MPH)
|
| Top of the 2nd over - 0 runs, 0 hits, 0 errors, 0 left on base; Colorado (EL) 0 - Biloxi 0 |
| BOTTOM OF THE 2ND |
|
Biloxi Shuckers batting - Pitching for Colorado (EL) Rockies : RHP Jim Bruley
|
|
Batting: RHB Mike Ball
|
0-0: Foul Ball, location: 2F 0-1: Called Strike 0-2: Ball 1-2: SINGLE (Groundball, 6MD, EV 98.1 MPH)
|
|
Batting: RHB Joe LaDue
|
0-0: Ball 1-0: Ball 2-0: Grounds into double play, 5-4-3 (Groundball, 56, EV 90.0 MPH)
|
|
Batting: RHB Tim Lively
|
0-0: Called Strike 0-1: Fly out, F8 (Flyball, 8RS, EV 74.4 MPH)
|
| Bottom of the 2nd over - 0 runs, 1 hit, 0 errors, 0 left on base; Colorado (EL) 0 - Biloxi 0 |
| TOP OF THE 3RD |
|
Colorado (EL) Rockies batting - Pitching for Biloxi Shuckers : RHP Travis Southern
|
|
Batting: RHB Bobby Bowman
|
0-0: Ball 1-0: Ball 2-0: Called Strike 2-1: Foul Ball, location: 2F 2-2: Foul Ball, location: 2F 2-2: TRIPLE (Flyball, 9LD, EV 100.0 MPH)
|
|
Batting: RHB Nick Rang
|
0-0: Called Strike 0-1: Ball 1-1: Fly out, F8 (Line Drive, 8LD, EV 88.1 MPH) Runner from 3rd tags up, OUT at HOME! 8-2
|
|
Batting: RHB Justin Pellman
|
0-0: Called Strike 0-1: Called Strike 0-2: Ball 1-2: Foul Ball, location: 2F 1-2: Strikes out swinging
|
| Top of the 3rd over - 0 runs, 1 hit, 0 errors, 0 left on base; Colorado (EL) 0 - Biloxi 0 |
| BOTTOM OF THE 3RD |
|
Biloxi Shuckers batting - Pitching for Colorado (EL) Rockies : RHP Jim Bruley
|
|
Batting: RHB Nick Garland
|
0-0: Called Strike 0-1: Ground out 6-3 (Groundball, 6MS, EV 81.9 MPH)
|
|
Batting: RHB Nick Spiller
|
0-0: Fly out, F5 (Popup, 5S, EV 85.6 MPH)
|
|
Batting: RHB Joe Hinson
|
0-0: Called Strike 0-1: Swinging Strike 0-2: Strikes out looking
|
| Bottom of the 3rd over - 0 runs, 0 hits, 0 errors, 0 left on base; Colorado (EL) 0 - Biloxi 0 |
| TOP OF THE 4TH |
|
Colorado (EL) Rockies batting - Pitching for Biloxi Shuckers : RHP Travis Southern
|
|
Batting: LHB Tony Ponce
|
0-0: Fly out, F5 (Popup, 6S, EV 73.1 MPH)
|
|
Batting: RHB Matt Fabre
|
0-0: Called Strike 0-1: Called Strike 0-2: Strikes out swinging
|
|
Batting: SHB Jon Munoz
|
0-0: Ball 1-0: Ball 2-0: Fly out, F8 (Flyball, 8LD, EV 106.9 MPH)
|
| Top of the 4th over - 0 runs, 0 hits, 0 errors, 0 left on base; Colorado (EL) 0 - Biloxi 0 |
| BOTTOM OF THE 4TH |
|
Biloxi Shuckers batting - Pitching for Colorado (EL) Rockies : RHP Jim Bruley
|
|
Batting: RHB Akitada Nishizawa
|
0-0: Foul Ball, location: 2F 0-1: Ball 1-1: Foul Ball, location: 2F 1-2: Foul Ball, location: 2F 1-2: Foul Ball, location: 2F 1-2: Ground out 4-3 (Groundball, 4S, EV 71.9 MPH)
|
|
Batting: LHB Mike Staley
|
0-0: Ground out 6-3 (Groundball, 6S, EV 88.1 MPH)
|
|
Batting: LHB Tony Morales
|
0-0: Foul Ball, location: 2F 0-1: Ball 1-1: Foul Ball, location: 2F 1-2: Ball 2-2: Ball 3-2: Fly out, F8 (Line Drive, 8LD, EV 95.6 MPH)
|
| Bottom of the 4th over - 0 runs, 0 hits, 0 errors, 0 left on base; Colorado (EL) 0 - Biloxi 0 |
| TOP OF THE 5TH |
|
Colorado (EL) Rockies batting - Pitching for Biloxi Shuckers : RHP Travis Southern
|
|
Batting: RHB Jayden Patterson
|
0-0: Ball 1-0: Ball 2-0: Ball 3-0: Called Strike 3-1: Swinging Strike 3-2: Foul Ball, location: 2F 3-2: Foul Ball, location: 2F 3-2: Foul Ball, location: 2F 3-2: Ground out 3-1 (Groundball, 3L, EV 105.0 MPH)
|
|
Batting: LHB Eric Ludwig
|
0-0: Ball 1-0: Ground out 1-3 (Groundball, 13S, EV 65.0 MPH)
|
|
Batting: RHB Max Schellekens
|
0-0: Called Strike 0-1: Foul Ball, location: 2F 0-2: Ball 1-2: Ball 2-2: Ball 3-2: SINGLE (Groundball, 4, EV 101.2 MPH)
|
|
Batting: RHB Bobby Bowman
|
0-0: Ball 1-0: Ball 2-0: Foul Ball, location: 2F 2-1: Called Strike 2-2: SINGLE (Line Drive, 89S, EV 99.4 MPH) Max Schellekens to second
|
|
Batting: RHB Nick Rang
|
0-0: Ground out 4-3 (Groundball, P, EV 87.5 MPH)
|
| Top of the 5th over - 0 runs, 2 hits, 0 errors, 2 left on base; Colorado (EL) 0 - Biloxi 0 |
| BOTTOM OF THE 5TH |
|
Biloxi Shuckers batting - Pitching for Colorado (EL) Rockies : RHP Jim Bruley
|
|
Batting: RHB Mike Ball
|
0-0: Hit by Pitch
|
|
Batting: RHB Joe LaDue
|
0-0: Grounds into double play, 4-6-3 (Groundball, 4M, EV 110.0 MPH)
|
|
Batting: RHB Tim Lively
|
0-0: Ball 1-0: SINGLE (Groundball, 6D, EV 98.1 MPH)
|
|
Batting: RHB Nick Garland
|
0-0: Called Strike 0-1: Ball 1-1: Swinging Strike 1-2: Foul Ball, location: 2F 1-2: Ball 2-2: Strikes out swinging
|
| Bottom of the 5th over - 0 runs, 1 hit, 0 errors, 1 left on base; Colorado (EL) 0 - Biloxi 0 |
| TOP OF THE 6TH |
|
Colorado (EL) Rockies batting - Pitching for Biloxi Shuckers : RHP Travis Southern
|
|
Batting: RHB Justin Pellman
|
0-0: Swinging Strike 0-1: Foul Ball, location: 2F 0-2: Fly out, F8 (Flyball, 8RD, EV 105.0 MPH)
|
|
Batting: LHB Tony Ponce
|
0-0: Ball 1-0: Ball 2-0: Called Strike 2-1: Fly out, F6 (Popup, 6M, EV 77.5 MPH)
|
|
Batting: RHB Matt Fabre
|
0-0: Ground out U3 (Groundball, 3, EV 82.5 MPH)
|
| Top of the 6th over - 0 runs, 0 hits, 0 errors, 0 left on base; Colorado (EL) 0 - Biloxi 0 |
| BOTTOM OF THE 6TH |
|
Biloxi Shuckers batting - Pitching for Colorado (EL) Rockies : RHP Jim Bruley
|
|
Batting: RHB Nick Spiller
|
0-0: Swinging Strike 0-1: Called Strike 0-2: Strikes out looking
|
|
Batting: RHB Joe Hinson
|
0-0: Ball 1-0: Called Strike 1-1: Fly out, F3 (Popup, 3SF, EV 81.2 MPH)
|
|
Batting: RHB Akitada Nishizawa
|
0-0: Ball 1-0: Foul Ball, location: 2F 1-1: Hit by Pitch
|
|
Batting: LHB Mike Staley
|
0-0: Ball Akitada Nishizawa is caught stealing 2nd base 2-6
|
| Bottom of the 6th over - 0 runs, 0 hits, 0 errors, 0 left on base; Colorado (EL) 0 - Biloxi 0 |
| TOP OF THE 7TH |
|
Colorado (EL) Rockies batting - Pitching for Biloxi Shuckers : RHP Travis Southern
|
|
Batting: SHB Jon Munoz
|
0-0: Ball 1-0: Ball 2-0: Called Strike 2-1: Ball 3-1: Base on Balls
|
|
Batting: RHB Jayden Patterson
|
0-0: Ball 1-0: Called Strike 1-1: Ball 2-1: Foul Ball, location: 2F 2-2: Foul Ball, location: 2F 2-2: Foul Ball, location: 2F 2-2: Strikes out looking
|
|
Batting: LHB Eric Ludwig
|
0-0: Foul Ball, location: 2F 0-1: Called Strike 0-2: Ball 1-2: Ball Jon Munoz steals 2nd, throwing error, E2 Jon Munoz to third 2-2: Fly out, F6 (Popup, 15S, EV 89.4 MPH)
|
|
Pitching: LHP Nate Tate
|
|
|
Batting: RHB Max Schellekens
|
0-0: Ball 1-0: Ball 2-0: Ball 3-0: Called Strike 3-1: DOUBLE (Flyball, 89XD, EV 110.6 MPH) Jon Munoz scores
|
|
Batting: RHB Bobby Bowman
|
0-0: Ball 1-0: Foul Ball, location: 2F 1-1: Foul Ball, location: 2F 1-2: DOUBLE (Line Drive, 78M, EV 111.9 MPH) Max Schellekens scores
|
|
Batting: RHB Nick Rang
|
0-0: Called Strike 0-1: Swinging Strike 0-2: Fly out, F3 (Line Drive, 3, EV 69.4 MPH)
|
| Top of the 7th over - 2 runs, 2 hits, 1 error, 1 left on base; Colorado (EL) 2 - Biloxi 0 |
| BOTTOM OF THE 7TH |
|
Biloxi Shuckers batting - Pitching for Colorado (EL) Rockies : RHP Jim Bruley
|
|
Batting: LHB Mike Staley
|
0-0: Ball 1-0: Fly out, F5 (Popup, 5SF, EV 79.4 MPH)
|
|
Batting: LHB Tony Morales
|
0-0: Ball 1-0: Called Strike 1-1: Ball 2-1: Swinging Strike 2-2: Strikes out swinging
|
|
Batting: RHB Mike Ball
|
0-0: Called Strike 0-1: Called Strike 0-2: Ball 1-2: Reached on error, E1 (Groundball, P, EV 71.2 MPH)
|
|
Batting: RHB Joe LaDue
|
Balk! Mike Ball to second 0-0: Foul Ball, location: 2F 0-1: Ball 1-1: Ball 2-1: Ball 3-1: 2-RUN HOME RUN (Flyball, 7LD, EV 96.9 MPH), Distance : 339 ft
|
|
Batting: RHB Tim Lively
|
0-0: Ground out 5-3 (Groundball, 56S, EV 79.4 MPH)
|
| Bottom of the 7th over - 2 runs, 1 hit, 1 error, 0 left on base; Colorado (EL) 2 - Biloxi 2 |
| TOP OF THE 8TH |
|
Colorado (EL) Rockies batting - Pitching for Biloxi Shuckers : LHP Nate Tate
|
|
Pitching: RHP Jason Miles
|
|
|
Batting: RHB Justin Pellman
|
0-0: Called Strike 0-1: Ball 1-1: Swinging Strike 1-2: Strikes out swinging
|
|
Batting: LHB Tony Ponce
|
0-0: Ground out 4-3 (Groundball, 4S, EV 90.0 MPH)
|
|
Pinch Hitting: SHB Chris Besselman
|
0-0: Called Strike 0-1: Ball 1-1: Ball 2-1: SOLO HOME RUN (Flyball, 89XD, EV 116.2 MPH), Distance : 441 ft
|
|
Batting: SHB Jon Munoz
|
0-0: Called Strike 0-1: Ball 1-1: Foul Ball, location: 2F 1-2: Ball 2-2: SINGLE (Groundball, 4M, EV 99.4 MPH) (infield hit)
|
|
Batting: RHB Jayden Patterson
|
0-0: Ball Jon Munoz steals 2nd base 1-0: Foul Ball, location: 2F 1-1: SINGLE (Groundball, 56D, EV 101.2 MPH) (infield hit) Jon Munoz to third
|
|
Batting: LHB Eric Ludwig
|
0-0: Ball 1-0: Foul Ball, location: 2F 1-1: Foul Ball, location: 2F 1-2: Foul Ball, location: 2F 1-2: Ball 2-2: Foul Ball, location: 2F 2-2: Ball 3-2: Fly out, F9 (Flyball, 9D, EV 97.5 MPH)
|
| Top of the 8th over - 1 run, 3 hits, 0 errors, 2 left on base; Colorado (EL) 3 - Biloxi 2 |
| BOTTOM OF THE 8TH |
|
Biloxi Shuckers batting - Pitching for Colorado (EL) Rockies : RHP Jim Bruley
|
|
Now at 1B: Guillermo Veronese
|
|
|
Batting: RHB Nick Garland
|
0-0: Called Strike 0-1: Ball 1-1: Ball 2-1: Foul Ball, location: 2F 2-2: DOUBLE (Line Drive, 89XD, EV 107.5 MPH)
|
|
Batting: RHB Nick Spiller
|
0-0: Ball 1-0: Swinging Strike 1-1: Foul Ball, location: 2F 1-2: Ball 2-2: Foul Ball, location: 2F 2-2: Foul Ball, location: 2F 2-2: Ball 3-2: Strikes out swinging
|
|
Batting: RHB Joe Hinson
|
0-0: Ball 1-0: Foul Ball, location: 2F 1-1: Ball 2-1: Foul Ball, location: 2F 2-2: Ball 3-2: Strikes out swinging
|
|
Pitching: LHP Rich Byrd
|
|
|
Batting: RHB Akitada Nishizawa
|
0-0: Ground out 6-3 (Groundball, 6, EV 81.9 MPH)
|
| Bottom of the 8th over - 0 runs, 1 hit, 0 errors, 1 left on base; Colorado (EL) 3 - Biloxi 2 |
| TOP OF THE 9TH |
|
Colorado (EL) Rockies batting - Pitching for Biloxi Shuckers : RHP Jason Miles
|
|
Pitching: RHP Austin Trzcinski
|
|
|
Batting: RHB Max Schellekens
|
0-0: Ball 1-0: Called Strike 1-1: Ball 2-1: Ground out 5-3 (Groundball, 56S, EV 70.0 MPH)
|
|
Batting: RHB Bobby Bowman
|
0-0: Called Strike 0-1: Ball 1-1: Foul Ball, location: 2F 1-2: Foul Ball, location: 2F 1-2: DOUBLE (Line Drive, 78D, EV 111.2 MPH)
|
|
Batting: RHB Nick Rang
|
0-0: Ball 1-0: Foul Ball, location: 2F 1-1: Foul Ball, location: 2F 1-2: Ground out 1-3 (Groundball, 34S, EV 73.8 MPH) Bobby Bowman to third
|
|
Batting: RHB Justin Pellman
|
0-0: Ball 1-0: Ball 2-0: Called Strike 2-1: Swinging Strike 2-2: Foul Ball, location: 2F 2-2: Fly out, F9 (Flyball, 9LS, EV 88.1 MPH)
|
| Top of the 9th over - 0 runs, 1 hit, 0 errors, 1 left on base; Colorado (EL) 3 - Biloxi 2 |
| BOTTOM OF THE 9TH |
|
Biloxi Shuckers batting - Pitching for Colorado (EL) Rockies : LHP Rich Byrd
|
|
Batting: LHB Mike Staley
|
0-0: Ball 1-0: Fly out, F8 (Line Drive, 8LD, EV 103.8 MPH)
|
|
Batting: LHB Tony Morales
|
0-0: Ball 1-0: Ball 2-0: Ball 3-0: Base on Balls
|
|
Batting: RHB Mike Ball
|
0-0: Ball 1-0: Foul Ball, location: 2F 1-1: Foul Ball, location: 2F 1-2: Strikes out swinging
|
|
Batting: RHB Joe LaDue
|
0-0: Swinging Strike 0-1: Ball 1-1: Ball 2-1: Ball 3-1: Foul Ball, location: 2F 3-2: Strikes out swinging
|
| Bottom of the 9th over - 0 runs, 0 hits, 0 errors, 1 left on base; Colorado (EL) 3 - Biloxi 2 |
|